 Dungeon Crawl Stone Soup version 0.27.0-1-g7a089689b8 (webtiles) character file.

Game seed: 6102322272605167438

112 avis the Insei (level 4, -6/33 HPs)
             Began as a Barachi Transmuter on Aug 3, 2021.
             Killed by nerve-wracking pain
             ... invoked by Grinder
              (13 damage)
             ... while paralysed by Grinder
             ... on level 3 of the Dungeon.
             The game lasted 00:15:25 (4922 turns).

avis the Insei (Barachi Transmuter)                 Turns: 4922, Time: 00:15:25

Health: -6/33      AC:  2    Str: 12    XL:     4   Next: 95%
Magic:  5/7        EV:  5    Int: 13    God:
Gold:   148        SH:  0    Dex: 18    Spells: 3/7 levels left

rFire    . . .     SeeInvis .     - Unarmed
rCold    . . .     Faith    .   (shield currently unavailable)
rNeg     . . .     Spirit   .   (armour currently unavailable)
rPois    x         Reflect  .   (helmet currently unavailable)
rElec    .         Harm     .   (cloak currently unavailable)
rCorr    .         Rampage  .   (gloves currently unavailable)
Will     .....                  (boots currently unavailable)
Stlth    ++........             (no amulet)
HPRegen  0.11/turn              (no ring)
MPRegen  0.10/turn              (no ring)

@: paralysed, spider-form (expiring)
A: venomous fangs, (amphibious), tiny, (slowness 1), (strong legs 1), +LOS
a: End Transformation


You were on level 3 of the Dungeon.
You were a venomous arachnid creature.
You visited 1 branch of the dungeon, and saw 4 of its levels.

You collected 148 gold pieces.

Inventory:

Hand Weapons
 k - a +0 vampiric dagger (melded)
 n - a +2 dagger of venom
 q - a +0 hunting sling
Missiles
 b - 67 bolts
 d - 114 stones
 e - 10 arrows
 g - 8 poisoned darts
Armour
 a - a +0 robe
 i - a +0 leather armour (melded)
Wands
 j - a wand of polymorph (8)
Scrolls
 f - a scroll of summoning {unknown}
 l - 2 scrolls of fog {unknown}
 m - a scroll of noise {unknown}
 o - a scroll of vulnerability {unknown}
 p - 2 scrolls of identify {unknown}
Potions
 c - a potion of brilliance {unknown}
 h - a potion of curing {unknown}
 r - a potion of resistance {unknown}
 s - a potion of attraction {unknown}
 t - a potion of lignification {unknown}


   Skills:
 - Level 2.0 Fighting
 - Level 2.1 Dodging
 * Level 4.9 Unarmed Combat
 - Level 2.1 Spellcasting
 - Level 3.0 Transmutations
 - Level 2.0 Poison Magic


You had 3 spell levels left.
You knew the following spells:

 Your Spells              Type           Power      Damage    Failure   Level
a - Beastly Appendage     Tmut           18%        N/A       21%         1
p - Spider Form           Tmut/Pois      3%         N/A       47%         3

Your spell library contained the following spells:

 Spells                   Type           Power      Damage    Failure   Level
 Wereblood                Tmut           9%         N/A       26%         2
 Ice Form                 Ice/Tmut       5%         N/A       92%         4


Dungeon Overview and Level Annotations

Branches:
Dungeon (4/15)
 Temple: D:4-7

Altars:
Vehumet

Annotations:
D:3 2 runed translucent doors, Grinder; Spectrina's ghost, weakling DEMo


Innate Abilities, Weirdness & Mutations

You are a venomous arachnid creature.
You have poisonous fangs.
You are tiny and dextrous.
Your spellcasting is less reliable in this form.
Your armour is entirely melded.
You are incapable of wielding weapons or throwing items.
((You are amphibious.))
((You cover ground slowly.))
((You can hop short distances.))
You have an extended range of vision and can be seen from far away.


Message History

You start resting.
Your transformation is almost over.
You start resting.
Your horns disappear.
Your talons disappear.
You start resting.
Magic restored.
You start resting.
HP restored.
There is a stone staircase leading down here.
Casting: Beastly Appendage (safe; 10% risk of failure)
Confirm with . or Enter, or press ? or * to list all spells.
The spell is quite dangerous to cast (34% risk of failure)!
Continue anyway?
You turn into a venomous arachnid creature.
Your +0 vampiric dagger melds into your body.
Your +0 leather armour melds into your body.
You feel the dreadful sensation subside.
You climb downwards.
Level annotation: Grinder
There is a stone staircase leading up here.
Your transformation is almost over.
Grinder misses you.
You climb upwards.
Level annotation: 2 runed translucent doors, Spectrina's ghost, weakling DEMo
There is a stone staircase leading down here.
You bite Grinder!
Grinder is moderately wounded.
Grinder barely misses you.
You bite Grinder!
Grinder is heavily wounded.
Grinder hits you!
You writhe in agony.
You barely miss Grinder.
Grinder is heavily wounded.
Grinder gestures at you.
You suddenly lose the ability to move!
Grinder says, "Mostly I couldn't keep them alive."
Grinder hits you!
You writhe in agony.
* * * LOW HITPOINT WARNING * * *
Grinder gestures at you. Pain shoots through your body!
You die...

#.#####.# #.#.# #.# #.#
#.#.# #.#####[#####.#.#
#.............#.#
#######.#######.#
#......# #.######
#.############.......
#.##5................
####†##s................
#.....############.####.
#.............# #.# #.
#.....#######.# #.# ##
#.....#.......####.#
#.....#..........#.#
#######......###.#.#
#......###.#.#
#..........#.#


You could see Grinder.

Vanquished Creatures
  A hound (D:3)
  An adder (D:2)
  An ufetubus (D:4)
  A worm (D:2)
  A dart slug (D:3)
  An orc (D:3)
  6 endoplasms
  4 giant cockroaches
  4 goblins
  4 hobgoblins
  3 jackals (D:1)
  2 quokkas (D:3)
  9 ball pythons
  2 bats
  10 frilled lizards
  8 kobolds
  3 rats
61 creatures vanquished.

Vanquished Creatures (others)
  A plant (D:3)
1 creature vanquished.

Grand Total: 62 creatures vanquished

Notes
Turn   | Place    | Note
-------+----------+-------------------------------------------
     0 | D:1      | avis the Barachi Transmuter began the quest for the Orb.
     0 | D:1      | Reached XP level 1. HP: 15/15 MP: 3/3
    58 | D:1      | Found a faded altar of an unknown god.
   459 | D:1      | Reached XP level 2. HP: 21/21 MP: 3/5
   521 | D:1      | Reached skill level 4 in Unarmed Combat
  1067 | D:1      | Reached skill level 1 in Poison Magic
  1088 | D:1      | Reached XP level 3. HP: 25/27 MP: 4/6
  1108 | D:1      | Learned a level 3 spell: Spider Form
  3439 | D:3      | Reached XP level 4. HP: 15/33 MP: 0/7
  3791 | D:3      | Found a runed translucent door.
  3795 | D:3      | Noticed Spectrina's ghost (weakling DEMo)
  3797 | D:3      | Noticed a bullfrog
  4003 | D:3      | Found a runed translucent door.
  4665 | D:4      | Noticed an ogre
  4745 | D:4      | Found a radiant altar of Vehumet.
  4754 | D:4      | Noticed Grinder
  4920 | D:3      | Paralysed by Grinder for 2 turns
  4922 | D:3      | Killed from afar by Grinder

Illustrated notes

Levels and vault maps discovered:
D:1:      tarquinn_simple_flora_water_b, layout_basic,
          shapermc_ecumenical_altar_venn, hex_medium, grunt_decor_arrowhead,
          columned_hall_lemuel
D:2:      layout_basic
D:3:      layout_basic, ebering_ghost_sewer_f, minmay_lizard_king
D:4:      layout_cave_pools, kennysheep_mini_moat, kennysheep_generic_room_10,
          uniq_grinder

Skill      XL: |  1  2  3  4 |
---------------+-------------+-----
Unarmed Combat | 4 |  4.9
Fighting       | 2 |  2.0
Poison Magic   | 1 2 |  2.0
Transmutations | 3 |  3.0
Dodging        | |  2.1
Spellcasting   | |  2.1

Action                   |  1- 3 |  4- 6 || total
-------------------------+-------+-------++-------
Melee: Unarmed           |    89 |    30 ||   119
       Kick              |    22 |     6 ||    28
       Headbutt          |    11 |     2 ||    13
       Dagger            |    20 |    25 ||    45
 Cast: Beastly Appendage |    32 |     8 ||    40
       Spider Form       |     6 |     7 ||    13
Armor: Robe              |    16 |       ||    16
       Leather armour    |     4 |     4 ||     8
       Skin              |     1 |     1 ||     2
Dodge: Dodged            |    68 |    38 ||   106
